Red Wings vs Blue Jackets

Created - 21 mars 2024 at 16:17

Goals
1 2 3 T
Red Wings 0 0 3 3
Blue Jackets 1 3 0 4
Shots
1 2 3 T
Red Wings 15 7 11 33
Blue Jackets 9 11 9 29

GoalsPenalties
1st period
1. Blue Jackets , Dillon Dube 11 (Erik Cernak 17) at 11:14
David Perron (CLB) for Tripping (Minor) at 0:45
2nd period
2. Blue Jackets , David Perron 22 (Troy Terry 22, Adam Gaudette 3) at 0:53
3. Blue Jackets , Troy Terry 20 (Connor Murphy 11) at 7:21
4. Blue Jackets , Brett Howden 8 (Dillon Dube 18, Cal Foote 1) at 15:12
No Penalty
3rd period
5. Red Wings , Noel Acciari 8 (Kailer Yamamoto 23, Jeff Petry 17) at 2:12
6. Red Wings , Lars Eller 12 (Oliver Bjorkstrand 21, Viktor Arvidsson 23) at 13:50 (PP)
7. Red Wings , John Tavares 22 (David Pastrnak 36, Mark Scheifele 34) at 13:58 (PP)
Justin Holl (DET) for Hooking (Minor) at 2:54
Tyler Seguin (CLB) for Roughing (Double Minor) at 13:12
Cal Foote (CLB) for Hooking (Minor) at 16:07
Viktor Arvidsson (DET) for Hooking (Minor) at 19:26
Goalie Stats
Marc-Andre Fleury (DET), 10 saves from 10 shots - (1,000), 24:48 minutes
Carter Hart (DET), 15 saves from 19 shots - (0,789), L, 13-9-4, 35:12 minutes
Filip Gustavsson (CLB), 30 saves from 33 shots - (0,909), W, 19-16-4, 60:00 minutes
3 StarsOfficial
1 - Dillon Dube (CLB)
2 - Troy Terry (CLB)
3 - Brett Howden (CLB)
Referees : Kenny Anderson and Mike Sheehan
Linesman : Greg Devorski and Luke Murray
Game Note
Erik Cernak is injured at 10:21 of 2nd period (Upper Body)
Marc-Andre Fleury enters game at 15:12 of 2nd period
Finance
Level 1 -- Attendance: 2617 (43,62%) -- Ticket Income $523,400
Level 2 -- Attendance: 2813 (56,26%) -- Ticket Income $281,300
Level 3 -- Attendance: 1256 (62,80%) -- Ticket Income $69,080
Level 4 -- Attendance: 2497 (62,43%) -- Ticket Income $84,898
Luxury Box -- Attendance: 490 (49,00%) -- Ticket Income $147,000
Total Attendance: 9673 (53,74%)
Total Ticket Income: $1,105,678
Other Income: $541,782
Total Income: $1,647,460



Team Name Goals Shots Shots Attemp Shots Blocked PIM HIT PP PK FO%
Red Wings 33365144192 / 4 (50%)060%
Blue Jackets 42963168270 / 2 (0%)240%

Red Wings
Player Name POS G A P +/- PIM HIT SHT SB MP PP MP PP SHT PK MP PK SHT FO% FOT GA TA
Brett PesceD000-1020321:331:5200:0000% 001
Connor BrownLW/RW000-2010010:490:0001:2700% 100
David PastrnakLW/RW0110006118:552:4810:0000% 110
Dylan DeMeloD0000022122:142:3901:2400% 000
Jeff PetryD011-2000118:402:0501:0800% 000
John TavaresC/LW101-1015018:362:4810:00057% 1411
Jujhar KhairaC/LW/RW000-203208:530:0000:0000% 000
Justin HollRW/D000-1221221:302:0500:0000% 000
Juuso ValimakiD000-2010116:490:4701:0800% 000
Kailer YamamotoC/LW/RW0110002013:230:0001:0500% 000
Kyle OkposoLW/RW000-1012115:410:0000:0000% 000
Lars EllerC/LW/RW1010004014:371:5621:05067% 300
Mark ScheifeleC/RW0110002018:532:4800:00068% 2511
Michael CarconeC/LW/RW000-202008:530:0000:000100% 200
Noel AcciariC/LW/RW1010003013:030:0001:27038% 800
Oliver BjorkstrandLW/RW011-1013217:231:5610:000100% 111
Radko GudasD0000030119:130:0001:2400% 000
Viktor ArvidssonLW/RW0110201118:211:5600:0000% 000
Blue Jackets
Player Name POS G A P +/- PIM HIT SHT SB MP PP MP PP SHT PK MP PK SHT FO% FOT GA TA
Adam GaudetteC/LW/RW0112011114:190:0000:35033% 1200
Andreas AthanasiouC/LW/RW000-1001012:540:0000:00057% 720
Brandon SaadLW/RW000-1011012:540:0000:0000% 000
Brenden DillonD0000040324:291:3302:2500% 002
Brett HowdenC1012012111:170:0002:56014% 700
Cal FooteD011120003:120:0000:0000% 000
Connor CliftonD0001040115:261:3300:0000% 000
Connor MurphyD0112020219:360:5900:3200% 001
David PerronLW/RW1012226015:411:4210:0000% 000
Dillon DubeC/LW/RW1122012012:080:5002:5610% 000
Erik CernakD0112001110:520:0001:0600% 010
Josh MansonD000-1050124:330:5902:1900% 000
Luke HughesD0001040121:560:0003:0600% 000
Matt DucheneC/LW0000002019:480:5001:13067% 300
Nikita KucherovLW/RW0000015119:131:4210:350100% 110
Patrick MaroonLW/RW000000000:000:0000:0000% 000
Tom WilsonRW000-1001012:540:0000:0000% 101
Troy TerryC/RW1122005216:360:5001:1300% 200
Tyler SeguinC/RW0000411119:041:4200:00045% 2200
Vladislav NamestnikovC/LW/RW000200118:210:0000:0000% 000

Red Wings

5 vs 5 Forward
Line #Left WingCenterRight WingPHYDFOFWanted %Time %Time Play
1David PastrnakMark ScheifeleViktor Arvidsson0323430%15:52
2Oliver BjorkstrandJohn TavaresKyle Okposo0233230%15:41
3Kailer YamamotoNoel AcciariLars Eller1222422%11:36
4Connor BrownMichael CarconeJujhar Khaira1221017%8:53
5 vs 5 Defense
Line #DefenseDefensePHYDFOFWanted %Time %Time Play
1Justin HollBrett Pesce0323637%19:26
2Dylan DeMeloRadko Gudas0323636%18:31
3Jeff PetryJuuso Valimaki0412827%14:05
4Jeff PetryDylan DeMelo12200%0:00
Power Play Forward
Line #Left WingCenterRight WingPHYDFOFWanted %Time %Time Play
1David PastrnakJohn TavaresMark Scheifele0056059%2:48
2Oliver BjorkstrandLars EllerViktor Arvidsson0054041%1:56
Power Play Defense
Line #DefenseDefensePHYDFOFWanted %Time %Time Play
1Justin HollJeff Petry0145044%2:05
2Dylan DeMeloBrett Pesce0145056%2:39
Penalty Kill 4 Players Forward
Line #CenterWingPHYDFOFWanted %Time %Time Play
1Noel AcciariConnor Brown0505057%1:27
2Lars EllerKailer Yamamoto0505043%1:05
Penalty Kill 4 Players Defense
Line #DefenseDefensePHYDFOFWanted %Time %Time Play
1Dylan DeMeloRadko Gudas1405055%1:24
2Justin HollJeff Petry1405045%1:08
Penalty Kill 3 Players
Line #WingPHYDFOFWanted %Time %Time PlayDefenseDefensePHYDFOFWanted %Time %Time Play
1Lars Eller050500%0:00 Jeff PetryRadko Gudas140500%0:00
2Noel Acciari050500%0:00 Brett PesceJustin Holl140500%0:00
4 vs 4 Forward
Line #CenterWingPHYDFOFWanted %Time %Time Play
1Mark ScheifeleDavid Pastrnak014500%0:00
2John TavaresOliver Bjorkstrand023500%0:00
4 vs 4 Defense
Line #DefensePHYDFOFWanted %Time %Time Play
1Justin HollJeff Petry032500%0:00
2Radko GudasDylan DeMelo032500%0:00
Last Minutes Offensive
Left WingCenterRight WingDefenseDefense
David PastrnakJohn TavaresMark ScheifeleJeff PetryBrett Pesce
Last Minutes Defensive
Left WingCenterRight WingDefenseDefense
Lars EllerMark ScheifeleConnor BrownJeff PetryBrett Pesce
Time
Total ForwardTotal DefenseLast Minutes OffensiveLast Minutes Defensive
60:00 60:00 0:420:00
Extra Forwards
Normal PowerPlayPenalty Kill
Kailer Yamamoto, Oliver Bjorkstrand, Viktor ArvidssonLars Eller, Kailer YamamotoConnor Brown
Extra Defensemen
Normal PowerPlayPenalty Kill
Juuso Valimaki, Justin Holl, Radko GudasJuuso Valimaki, Juuso ValimakiRadko Gudas
Penalty Shots
Oliver Bjorkstrand, David Pastrnak, Kyle Okposo, Lars Eller, Kailer Yamamoto
Goalie
Carter Hart, Marc-Andre Fleury
Custom OT Lines Forwards
David Pastrnak, Viktor Arvidsson, Mark Scheifele, John Tavares, Lars Eller, Oliver Bjorkstrand, Kyle Okposo, Noel Acciari, Kailer Yamamoto, Connor Brown
Custom OT Lines Defensemen
Brett Pesce, Justin Holl, Radko Gudas, Jeff Petry, Dylan DeMelo
Scratches
Scott Harrington (Healthy)

Blue Jackets

5 vs 5 Forward
Line #Left WingCenterRight WingPHYDFOFWanted %Time %Time Play
1Matt DucheneTyler SeguinNikita Kucherov0143532%16:56
2David PerronAdam GaudetteTroy Terry0233027%14:01
3Brandon SaadAndreas AthanasiouTom Wilson0232225%12:54
4Vladislav NamestnikovBrett HowdenDillon Dube0231316%8:21
5 vs 5 Defense
Line #DefenseDefensePHYDFOFWanted %Time %Time Play
1Brenden DillonJosh Manson1223833%17:08
2Erik CernakConnor Murphy1223435%18:21
3Connor CliftonLuke Hughes2212827%13:52
4Brenden DillonErik Cernak12205%2:51
Power Play Forward
Line #Left WingCenterRight WingPHYDFOFWanted %Time %Time Play
1Nikita KucherovTyler SeguinDavid Perron1045667%1:42
2Matt DucheneDillon DubeTroy Terry1044433%0:50
Power Play Defense
Line #DefenseDefensePHYDFOFWanted %Time %Time Play
1Brenden DillonConnor Clifton1136061%1:33
2Erik CernakConnor Murphy1134039%0:59
Penalty Kill 4 Players Forward
Line #CenterWingPHYDFOFWanted %Time %Time Play
1Brett HowdenDillon Dube1406074%3:31
2Troy TerryMatt Duchene1404026%1:13
Penalty Kill 4 Players Defense
Line #DefenseDefensePHYDFOFWanted %Time %Time Play
1Brenden DillonLuke Hughes1226051%2:25
2Erik CernakJosh Manson1224049%2:19
Penalty Kill 3 Players
Line #WingPHYDFOFWanted %Time %Time PlayDefenseDefensePHYDFOFWanted %Time %Time Play
1Andreas Athanasiou140600%0:00 Erik CernakLuke Hughes122600%0:00
2Matt Duchene140400%0:00 Connor CliftonJosh Manson122400%0:00
4 vs 4 Forward
Line #CenterWingPHYDFOFWanted %Time %Time Play
1Troy TerryDavid Perron023600%0:00
2Matt DucheneTom Wilson023400%0:00
4 vs 4 Defense
Line #DefensePHYDFOFWanted %Time %Time Play
1Josh MansonLuke Hughes023500%0:00
2Erik CernakBrenden Dillon023500%0:00
Last Minutes Offensive
Left WingCenterRight WingDefenseDefense
Troy TerryMatt DucheneTyler SeguinBrenden DillonJosh Manson
Last Minutes Defensive
Left WingCenterRight WingDefenseDefense
Troy TerryMatt DucheneTyler SeguinBrenden DillonJosh Manson
Time
Total ForwardTotal DefenseLast Minutes OffensiveLast Minutes Defensive
60:00 60:00 0:000:32
Extra Forwards
Normal PowerPlayPenalty Kill
Brett Howden, Matt Duchene, Dillon DubeBrett Howden, Matt DucheneDillon Dube
Extra Defensemen
Normal PowerPlayPenalty Kill
Josh Manson, Luke Hughes, Erik CernakJosh Manson, Luke HughesErik Cernak
Penalty Shots
Matt Duchene, Dillon Dube, Tyler Seguin, Troy Terry, David Perron
Goalie
Filip Gustavsson, Logan Thompson
Custom OT Lines Forwards
Troy Terry, Matt Duchene, Tyler Seguin, Tom Wilson, David Perron, Brandon Saad, Brett Howden, Dillon Dube, Andreas Athanasiou, Vladislav Namestnikov
Custom OT Lines Defensemen
Brenden Dillon, Luke Hughes, Erik Cernak, Connor Murphy, Connor Clifton
Scratches
Nicolas Hague (Concussion Injury), David Krejci (Back Injury)


Play-by-Play

1st period


0:01 of 1st period - Mark Scheifele wins face-off versus Tyler Seguin in neutral zone.
0:30 of 1st period - Icing by John Tavares.
0:31 of 1st period - John Tavares wins face-off versus Troy Terry in Red Wings zone.
0:45 of 1st period - Minor Penalty to David Perron for Tripping.
0:46 of 1st period - Mark Scheifele wins face-off versus Brett Howden in Blue Jackets zone.
0:56 of 1st period - Wrist shot by David Pastrnak.
0:56 of 1st period - Shot Misses the Net.
1:02 of 1st period - Slapshot by David Pastrnak.
1:02 of 1st period - Stopped by Filip Gustavsson without a rebound.
1:03 of 1st period - Lars Eller wins face-off versus Troy Terry in Blue Jackets zone.
1:10 of 1st period - Wrist shot by Oliver Bjorkstrand.
1:10 of 1st period - Shot Misses the Net.
1:28 of 1st period - Josh Manson is hit by Dylan DeMelo and loses puck.
1:59 of 1st period - Slapshot by Dillon Dube.
1:59 of 1st period - Stopped by Carter Hart with a rebound.
2:45 of 1st period - Penalty to David Perron is over, David Perron is back on ice.
2:51 of 1st period - Wrist shot by Troy Terry.
2:51 of 1st period - Shot Misses the Net.
2:59 of 1st period - Backhand shot by Jujhar Khaira.
2:59 of 1st period - Stopped by Filip Gustavsson with a rebound.
3:12 of 1st period - Icing by Dylan DeMelo.
3:13 of 1st period - Andreas Athanasiou wins face-off versus Noel Acciari in Red Wings zone.
3:20 of 1st period - Snap shot by Tom Wilson.
3:20 of 1st period - Shot Blocked by Radko Gudas.
3:34 of 1st period - Kyle Okposo is hit by Connor Murphy and loses puck.
3:53 of 1st period - Jeff Petry is hit by Connor Clifton and loses puck.
4:08 of 1st period - Josh Manson is hit by Michael Carcone and loses puck.
4:19 of 1st period - Connor Brown is hit by Brenden Dillon and loses puck.
4:34 of 1st period - Wrist shot by Troy Terry.
4:34 of 1st period - Stopped by Carter Hart with a rebound.
4:36 of 1st period - Snap shot by Troy Terry.
4:36 of 1st period - Shot Misses the Net.
4:56 of 1st period - Wrist shot by John Tavares.
4:56 of 1st period - Stopped by Filip Gustavsson with a rebound.
5:08 of 1st period - Slapshot by David Pastrnak.
5:08 of 1st period - Stopped by Filip Gustavsson without a rebound.
5:09 of 1st period - Brett Howden wins face-off versus Mark Scheifele in Blue Jackets zone.
5:14 of 1st period - Wrist shot by Brett Howden.
5:14 of 1st period - Stopped by Carter Hart without a rebound.
5:15 of 1st period - Mark Scheifele wins face-off versus Tyler Seguin in Red Wings zone.
5:20 of 1st period - Jeff Petry is hit by Luke Hughes and loses puck.
5:45 of 1st period - Wrist shot by Oliver Bjorkstrand.
5:45 of 1st period - Stopped by Filip Gustavsson with a rebound.
6:03 of 1st period - Snap shot by Lars Eller.
6:03 of 1st period - Shot Misses the Net.
6:26 of 1st period - Snap shot by Michael Carcone.
6:26 of 1st period - Shot Misses the Net.
6:28 of 1st period - Slapshot by Jujhar Khaira.
6:28 of 1st period - Shot Blocked by Brett Howden.
6:30 of 1st period - Slapshot by Justin Holl.
6:30 of 1st period - Shot Blocked by Josh Manson.
6:44 of 1st period - Wrist shot by Tyler Seguin.
6:44 of 1st period - Shot Blocked by Justin Holl.
7:30 of 1st period - Wrist shot by Lars Eller.
7:30 of 1st period - Stopped by Filip Gustavsson with a rebound.
7:32 of 1st period - Slapshot by Dylan DeMelo.
7:32 of 1st period - Shot Blocked by Connor Murphy.
7:34 of 1st period - Wrist shot by Radko Gudas.
7:34 of 1st period - Deflect By Lars Eller.
7:34 of 1st period - Shot Blocked by Erik Cernak.
7:34 of 1st period - Puck is out of play.
7:35 of 1st period - Mark Scheifele wins face-off versus Tyler Seguin in Blue Jackets zone.
7:48 of 1st period - Wrist shot by Nikita Kucherov.
7:48 of 1st period - Shot Hit the Post.
7:50 of 1st period - Slapshot by Luke Hughes.
7:50 of 1st period - Shot Blocked by David Pastrnak.
7:52 of 1st period - Slapshot by Luke Hughes.
7:52 of 1st period - Shot Misses the Net.
8:02 of 1st period - Oliver Bjorkstrand is hit by Luke Hughes and loses puck.
8:07 of 1st period - Snap shot by David Perron.
8:07 of 1st period - Shot Misses the Net.
8:09 of 1st period - Slapshot by Erik Cernak.
8:09 of 1st period - Stopped by Carter Hart with a rebound.
8:11 of 1st period - Wrist shot by Troy Terry.
8:11 of 1st period - Shot Blocked by Oliver Bjorkstrand.
8:13 of 1st period - Slapshot by Connor Murphy.
8:13 of 1st period - Shot Blocked by Kyle Okposo.
8:29 of 1st period - Snap shot by Dillon Dube.
8:29 of 1st period - Shot Misses the Net.
9:09 of 1st period - Wrist shot by Kyle Okposo.
9:09 of 1st period - Stopped by Filip Gustavsson with a rebound.
9:11 of 1st period - Slapshot by Radko Gudas.
9:11 of 1st period - Shot Hit the Post.
9:13 of 1st period - Snap shot by Kyle Okposo.
9:13 of 1st period - Stopped by Filip Gustavsson without a rebound.
9:14 of 1st period - Tyler Seguin wins face-off versus David Pastrnak in Blue Jackets zone.
9:51 of 1st period - Wrist shot by Lars Eller.
9:51 of 1st period - Shot Misses the Net.
9:53 of 1st period - Snap shot by Noel Acciari.
9:53 of 1st period - Shot Misses the Net.
10:05 of 1st period - Slapshot by David Perron.
10:05 of 1st period - Stopped by Carter Hart with a rebound.
10:48 of 1st period - Snap shot by Lars Eller.
10:48 of 1st period - Deflect By Kailer Yamamoto.
10:48 of 1st period - Stopped by Filip Gustavsson with a rebound.
10:50 of 1st period - Snap shot by Lars Eller.
10:50 of 1st period - Shot Blocked by Brenden Dillon.
10:59 of 1st period - Off-side.
11:00 of 1st period - Michael Carcone wins face-off versus Brett Howden in neutral zone.
11:12 of 1st period - Wrist shot by Dillon Dube.
11:12 of 1st period - Shot Misses the Net.
11:14 of 1st period - Slapshot by Erik Cernak.
11:14 of 1st period - Deflect By Dillon Dube.
11:14 of 1st period - Goal by Dillon Dube - Red Wings : 0 - Blue Jackets : 1.
11:15 of 1st period - Mark Scheifele wins face-off versus Tyler Seguin in neutral zone.
12:06 of 1st period - Wrist shot by Nikita Kucherov.
12:06 of 1st period - Stopped by Carter Hart without a rebound.
12:07 of 1st period - Adam Gaudette wins face-off versus Noel Acciari in Red Wings zone.
12:16 of 1st period - Snap shot by Troy Terry.
12:16 of 1st period - Shot Misses the Net.
12:39 of 1st period - Snap shot by Tom Wilson.
12:39 of 1st period - Stopped by Carter Hart without a rebound.
12:40 of 1st period - Andreas Athanasiou wins face-off versus Mark Scheifele in Red Wings zone.
12:51 of 1st period - Snap shot by Brandon Saad.
12:51 of 1st period - Shot Blocked by Brett Pesce.
12:53 of 1st period - Slapshot by Andreas Athanasiou.
12:53 of 1st period - Shot Misses the Net.
13:13 of 1st period - Kyle Okposo is hit by Connor Clifton and loses puck.
13:47 of 1st period - Snap shot by Kailer Yamamoto.
13:47 of 1st period - Shot Misses the Net.
13:49 of 1st period - Wrist shot by Kailer Yamamoto.
13:49 of 1st period - Shot Misses the Net.
14:05 of 1st period - Dillon Dube is hit by Jujhar Khaira and loses puck.
14:25 of 1st period - Wrist shot by Viktor Arvidsson.
14:25 of 1st period - Stopped by Filip Gustavsson with a rebound.
14:27 of 1st period - Wrist shot by Viktor Arvidsson.
14:27 of 1st period - Shot Misses the Net.
14:29 of 1st period - Slapshot by Jeff Petry.
14:29 of 1st period - Deflect By David Pastrnak.
14:29 of 1st period - Stopped by Filip Gustavsson with a rebound.
14:54 of 1st period - Off-side.
14:55 of 1st period - John Tavares wins face-off versus Tyler Seguin in neutral zone.
15:08 of 1st period - Wrist shot by John Tavares.
15:08 of 1st period - Stopped by Filip Gustavsson without a rebound.
15:09 of 1st period - Mark Scheifele wins face-off versus Tyler Seguin in Blue Jackets zone.
15:24 of 1st period - Slapshot by Viktor Arvidsson.
15:24 of 1st period - Shot Blocked by Tyler Seguin.
15:26 of 1st period - Wrist shot by Mark Scheifele.
15:26 of 1st period - Deflect By David Pastrnak.
15:26 of 1st period - Stopped by Filip Gustavsson with a rebound.
16:22 of 1st period - Wrist shot by Noel Acciari.
16:22 of 1st period - Stopped by Filip Gustavsson with a rebound.
16:24 of 1st period - Snap shot by Lars Eller.
16:24 of 1st period - Deflect By Noel Acciari.
16:24 of 1st period - Shot Blocked by Connor Murphy.
16:24 of 1st period - Puck is out of play.
16:25 of 1st period - Mark Scheifele wins face-off versus Adam Gaudette in Blue Jackets zone.
16:52 of 1st period - Tom Wilson is hit by Radko Gudas and loses puck.
17:37 of 1st period - Justin Holl is hit by David Perron and loses puck.
18:18 of 1st period - Troy Terry is hit by Dylan DeMelo and loses puck.
18:31 of 1st period - Dylan DeMelo is hit by Nikita Kucherov and loses puck.
18:42 of 1st period - Snap shot by Andreas Athanasiou.
18:42 of 1st period - Stopped by Carter Hart without a rebound.
18:43 of 1st period - Andreas Athanasiou wins face-off versus Mark Scheifele in Red Wings zone.
19:38 of 1st period - Snap shot by David Pastrnak.
19:38 of 1st period - Stopped by Filip Gustavsson with a rebound.
19:54 of 1st period - Viktor Arvidsson is hit by Josh Manson and loses puck.
Goals for this period are 0 for Red Wings vs 1 for Blue Jackets.
Shots for this period are 15 for Red Wings vs 9 for Blue Jackets.

2nd period


0:01 of 2nd period - Adam Gaudette wins face-off versus John Tavares in neutral zone.
0:10 of 2nd period - Snap shot by John Tavares.
0:10 of 2nd period - Shot Blocked by Troy Terry.
0:12 of 2nd period - Wrist shot by John Tavares.
0:12 of 2nd period - Stopped by Filip Gustavsson with a rebound.
0:14 of 2nd period - Snap shot by Oliver Bjorkstrand.
0:14 of 2nd period - Shot Misses the Net.
0:16 of 2nd period - Slapshot by Justin Holl.
0:16 of 2nd period - Stopped by Filip Gustavsson without a rebound.
0:17 of 2nd period - Tyler Seguin wins face-off versus Lars Eller in Blue Jackets zone.
0:24 of 2nd period - Wrist shot by Nikita Kucherov.
0:24 of 2nd period - Stopped by Carter Hart with a rebound.
0:42 of 2nd period - Radko Gudas is hit by Adam Gaudette and loses puck.
0:53 of 2nd period - Wrist shot by David Perron.
0:53 of 2nd period - Goal by David Perron - Red Wings : 0 - Blue Jackets : 2.
0:54 of 2nd period - John Tavares wins face-off versus Adam Gaudette in neutral zone.
1:01 of 2nd period - Snap shot by David Perron.
1:01 of 2nd period - Shot Misses the Net.
1:11 of 2nd period - Oliver Bjorkstrand is hit by Luke Hughes.
1:30 of 2nd period - Snap shot by Brandon Saad.
1:30 of 2nd period - Shot Misses the Net.
1:50 of 2nd period - Connor Murphy is hit by Brett Pesce and loses puck.
2:11 of 2nd period - Snap shot by Jujhar Khaira.
2:11 of 2nd period - Shot Hit the Post.
2:49 of 2nd period - Wrist shot by Brandon Saad.
2:49 of 2nd period - Shot Blocked by Viktor Arvidsson.
2:51 of 2nd period - Snap shot by Brandon Saad.
2:51 of 2nd period - Shot Blocked by Jeff Petry.
3:01 of 2nd period - Nikita Kucherov is hit by Juuso Valimaki and loses puck.
3:30 of 2nd period - Troy Terry is hit by Brett Pesce and loses puck.
3:46 of 2nd period - Icing by Radko Gudas.
3:47 of 2nd period - Michael Carcone wins face-off versus Andreas Athanasiou in Red Wings zone.
4:18 of 2nd period - Slapshot by Kailer Yamamoto.
4:18 of 2nd period - Shot Blocked by Brenden Dillon.
4:20 of 2nd period - Wrist shot by Noel Acciari.
4:20 of 2nd period - Stopped by Filip Gustavsson without a rebound.
4:21 of 2nd period - John Tavares wins face-off versus Adam Gaudette in Blue Jackets zone.
4:34 of 2nd period - Snap shot by Troy Terry.
4:34 of 2nd period - Stopped by Carter Hart with a rebound.
4:36 of 2nd period - Snap shot by David Perron.
4:36 of 2nd period - Stopped by Carter Hart with a rebound.
4:38 of 2nd period - Slapshot by David Perron.
4:38 of 2nd period - Stopped by Carter Hart with a rebound.
4:48 of 2nd period - Wrist shot by Dillon Dube.
4:48 of 2nd period - Shot Blocked by Justin Holl.
4:50 of 2nd period - Snap shot by Brett Howden.
4:50 of 2nd period - Shot Misses the Net.
5:04 of 2nd period - Oliver Bjorkstrand is hit by Josh Manson.
5:18 of 2nd period - Justin Holl is hit by Brandon Saad and loses puck.
5:47 of 2nd period - Wrist shot by Nikita Kucherov.
5:47 of 2nd period - Shot Blocked by Brett Pesce.
6:41 of 2nd period - Wrist shot by Brandon Saad.
6:41 of 2nd period - Shot Misses the Net.
7:21 of 2nd period - Slapshot by Troy Terry.
7:21 of 2nd period - Goal by Troy Terry - Red Wings : 0 - Blue Jackets : 3.
7:22 of 2nd period - Tyler Seguin wins face-off versus Mark Scheifele in neutral zone.
8:35 of 2nd period - Dillon Dube is hit by Jujhar Khaira and loses puck.
8:56 of 2nd period - Matt Duchene is hit by Justin Holl.
9:52 of 2nd period - Brett Howden is hit by Jujhar Khaira and loses puck.
9:59 of 2nd period - Wrist shot by Dillon Dube.
9:59 of 2nd period - Shot Misses the Net.
10:20 of 2nd period - Erik Cernak is hit by Kyle Okposo and loses puck.
10:21 of 2nd period - Erik Cernak from Blue Jackets is injured at 10:21 of 2nd period (Upper Body).
10:22 of 2nd period - Mark Scheifele wins face-off versus Adam Gaudette in Blue Jackets zone.
10:33 of 2nd period - Radko Gudas is hit by Brenden Dillon and loses puck.
10:38 of 2nd period - Wrist shot by David Perron.
10:38 of 2nd period - Stopped by Carter Hart with a rebound.
10:58 of 2nd period - Wrist shot by Tyler Seguin.
10:58 of 2nd period - Stopped by Carter Hart with a rebound.
12:56 of 2nd period - Juuso Valimaki is hit by Connor Clifton and loses puck.
14:21 of 2nd period - Slapshot by Dillon Dube.
14:21 of 2nd period - Deflect By Vladislav Namestnikov.
14:21 of 2nd period - Stopped by Carter Hart with a rebound.
14:33 of 2nd period - Brett Howden is hit by Connor Brown and loses puck.
15:02 of 2nd period - Wrist shot by Jujhar Khaira.
15:02 of 2nd period - Shot Blocked by Vladislav Namestnikov.
15:12 of 2nd period - Snap shot by Brett Howden.
15:12 of 2nd period - Goal by Brett Howden - Red Wings : 0 - Blue Jackets : 4.
15:12 of 2nd period - Marc-Andre Fleury enters game.
15:13 of 2nd period - Mark Scheifele wins face-off versus Tyler Seguin in neutral zone.
15:22 of 2nd period - Snap shot by Mark Scheifele.
15:22 of 2nd period - Stopped by Filip Gustavsson without a rebound.
15:23 of 2nd period - Tyler Seguin wins face-off versus Mark Scheifele in Blue Jackets zone.
16:06 of 2nd period - Nikita Kucherov is hit by Radko Gudas and loses puck.
16:17 of 2nd period - Wrist shot by David Pastrnak.
16:17 of 2nd period - Stopped by Filip Gustavsson with a rebound.
16:19 of 2nd period - Slapshot by Dylan DeMelo.
16:19 of 2nd period - Stopped by Filip Gustavsson with a rebound.
16:21 of 2nd period - Slapshot by Dylan DeMelo.
16:21 of 2nd period - Deflect By David Pastrnak.
16:21 of 2nd period - Shot Blocked by Nikita Kucherov.
16:21 of 2nd period - Puck is out of play.
16:22 of 2nd period - Adam Gaudette wins face-off versus John Tavares in Blue Jackets zone.
16:27 of 2nd period - Snap shot by John Tavares.
16:27 of 2nd period - Stopped by Filip Gustavsson with a rebound.
16:33 of 2nd period - Slapshot by John Tavares.
16:33 of 2nd period - Shot Misses the Net.
16:56 of 2nd period - Kailer Yamamoto is hit by Brenden Dillon and loses puck.
17:00 of 2nd period - Icing by Brett Pesce.
17:01 of 2nd period - Noel Acciari wins face-off versus Adam Gaudette in Red Wings zone.
17:24 of 2nd period - Slapshot by Kailer Yamamoto.
17:24 of 2nd period - Deflect By Lars Eller.
17:24 of 2nd period - Shot Misses the Net.
17:24 of 2nd period - Puck is out of play.
17:25 of 2nd period - Oliver Bjorkstrand wins face-off versus Tom Wilson in Blue Jackets zone.
17:38 of 2nd period - Dylan DeMelo is hit by Brenden Dillon and loses puck.
17:50 of 2nd period - Dylan DeMelo is hit by Josh Manson and loses puck.
18:22 of 2nd period - Tom Wilson is hit by Oliver Bjorkstrand and loses puck.
18:46 of 2nd period - Snap shot by Andreas Athanasiou.
18:46 of 2nd period - Shot Blocked by Oliver Bjorkstrand.
18:56 of 2nd period - Wrist shot by John Tavares.
18:56 of 2nd period - Deflect By Oliver Bjorkstrand.
18:56 of 2nd period - Shot Blocked by Connor Clifton.
18:56 of 2nd period - Puck is out of play.
18:57 of 2nd period - Adam Gaudette wins face-off versus Mark Scheifele in Blue Jackets zone.
19:06 of 2nd period - David Pastrnak is hit by Connor Murphy and loses puck.
19:11 of 2nd period - Snap shot by Troy Terry.
19:11 of 2nd period - Stopped by Marc-Andre Fleury with a rebound.
19:13 of 2nd period - Snap shot by David Perron.
19:13 of 2nd period - Shot Blocked by Dylan DeMelo.
Goals for this period are 0 for Red Wings vs 3 for Blue Jackets.
Shots for this period are 7 for Red Wings vs 11 for Blue Jackets.

3rd period


0:01 of 3rd period - Mark Scheifele wins face-off versus Tyler Seguin in neutral zone.
0:16 of 3rd period - Slapshot by Viktor Arvidsson.
0:16 of 3rd period - Shot Misses the Net.
0:54 of 3rd period - Slapshot by Brandon Saad.
0:54 of 3rd period - Stopped by Marc-Andre Fleury without a rebound.
0:55 of 3rd period - Mark Scheifele wins face-off versus Andreas Athanasiou in Red Wings zone.
1:22 of 3rd period - Matt Duchene is hit by Justin Holl and loses puck.
2:06 of 3rd period - Snap shot by Kailer Yamamoto.
2:06 of 3rd period - Deflect By Lars Eller.
2:06 of 3rd period - Stopped by Filip Gustavsson with a rebound.
2:12 of 3rd period - Snap shot by Noel Acciari.
2:12 of 3rd period - Goal by Noel Acciari - Red Wings : 1 - Blue Jackets : 4.
2:13 of 3rd period - Tyler Seguin wins face-off versus Mark Scheifele in neutral zone.
2:54 of 3rd period - Minor Penalty to Justin Holl for Hooking.
2:55 of 3rd period - Noel Acciari wins face-off versus Tyler Seguin in Red Wings zone.
3:07 of 3rd period - Snap shot by David Perron.
3:07 of 3rd period - Stopped by Marc-Andre Fleury without a rebound.
3:08 of 3rd period - Tyler Seguin wins face-off versus Noel Acciari in Red Wings zone.
3:25 of 3rd period - Slapshot by Nikita Kucherov.
3:25 of 3rd period - Shot Misses the Net.
4:33 of 3rd period - Icing by Connor Murphy.
4:34 of 3rd period - Tyler Seguin wins face-off versus Noel Acciari in Blue Jackets zone.
4:54 of 3rd period - Penalty to Justin Holl is over, Justin Holl is back on ice.
5:20 of 3rd period - Oliver Bjorkstrand is hit by Brett Howden and loses puck.
5:53 of 3rd period - Slapshot by Dylan DeMelo.
5:53 of 3rd period - Stopped by Filip Gustavsson with a rebound.
5:55 of 3rd period - Backhand shot by Noel Acciari.
5:55 of 3rd period - Deflect By Kailer Yamamoto.
5:55 of 3rd period - Stopped by Filip Gustavsson without a rebound.
5:56 of 3rd period - Noel Acciari wins face-off versus Tyler Seguin in Blue Jackets zone.
6:05 of 3rd period - Matt Duchene is hit by Radko Gudas and loses puck.
6:21 of 3rd period - Lars Eller is hit by Tyler Seguin and loses puck.
6:37 of 3rd period - Off-side.
6:38 of 3rd period - Mark Scheifele wins face-off versus Adam Gaudette in neutral zone.
6:47 of 3rd period - Snap shot by Viktor Arvidsson.
6:47 of 3rd period - Shot Blocked by Adam Gaudette.
6:49 of 3rd period - Wrist shot by Viktor Arvidsson.
6:49 of 3rd period - Deflect By Brenden Dillon.
6:49 of 3rd period - Shot Blocked by Troy Terry.
6:49 of 3rd period - Puck is out of play.
6:50 of 3rd period - Mark Scheifele wins face-off versus Adam Gaudette in Blue Jackets zone.
7:17 of 3rd period - Brenden Dillon is hit by John Tavares and loses puck.
7:26 of 3rd period - Juuso Valimaki is hit by Josh Manson and loses puck.
7:43 of 3rd period - Slapshot by Jujhar Khaira.
7:43 of 3rd period - Stopped by Filip Gustavsson without a rebound.
7:44 of 3rd period - Andreas Athanasiou wins face-off versus Connor Brown in Blue Jackets zone.
8:18 of 3rd period - Snap shot by Troy Terry.
8:18 of 3rd period - Shot Blocked by Brett Pesce.
8:20 of 3rd period - Snap shot by Adam Gaudette.
8:20 of 3rd period - Stopped by Marc-Andre Fleury without a rebound.
8:21 of 3rd period - Nikita Kucherov wins face-off versus John Tavares in Red Wings zone.
9:59 of 3rd period - Tyler Seguin is hit by Michael Carcone and loses puck.
11:28 of 3rd period - Jeff Petry is hit by Dillon Dube and loses puck.
11:37 of 3rd period - Slapshot by Dillon Dube.
11:37 of 3rd period - Deflect By Vladislav Namestnikov.
11:37 of 3rd period - Shot Blocked by Juuso Valimaki.
11:37 of 3rd period - Puck is out of play.
11:38 of 3rd period - Tyler Seguin wins face-off versus Mark Scheifele in Red Wings zone.
11:45 of 3rd period - Backhand shot by Nikita Kucherov.
11:45 of 3rd period - Stopped by Marc-Andre Fleury with a rebound.
11:47 of 3rd period - Slapshot by Connor Murphy.
11:47 of 3rd period - Deflect By Matt Duchene.
11:47 of 3rd period - Stopped by Marc-Andre Fleury with a rebound.
11:49 of 3rd period - Wrist shot by Connor Murphy.
11:49 of 3rd period - Deflect By Nikita Kucherov.
11:49 of 3rd period - Stopped by Marc-Andre Fleury without a rebound.
11:50 of 3rd period - Mark Scheifele wins face-off versus Matt Duchene in Red Wings zone.
12:17 of 3rd period - Oliver Bjorkstrand is hit by David Perron and loses puck.
12:30 of 3rd period - Wrist shot by Troy Terry.
12:30 of 3rd period - Deflect By David Perron.
12:30 of 3rd period - Shot Misses the Net.
12:30 of 3rd period - Puck is out of play.
12:31 of 3rd period - Mark Scheifele wins face-off versus Andreas Athanasiou in Red Wings zone.
12:48 of 3rd period - Slapshot by Mark Scheifele.
12:48 of 3rd period - Stopped by Filip Gustavsson without a rebound.
12:49 of 3rd period - John Tavares wins face-off versus Tyler Seguin in Blue Jackets zone.
12:50 of 3rd period - Snap shot by Oliver Bjorkstrand.
12:50 of 3rd period - Stopped by Filip Gustavsson without a rebound.
12:51 of 3rd period - Tyler Seguin wins face-off versus John Tavares in Blue Jackets zone.
13:12 of 3rd period - Double Minor Penalty to Tyler Seguin for Roughing.
13:13 of 3rd period - John Tavares wins face-off versus Brett Howden in Blue Jackets zone.
13:44 of 3rd period - Snap shot by Oliver Bjorkstrand.
13:44 of 3rd period - Shot Blocked by Brenden Dillon.
13:46 of 3rd period - Wrist shot by Oliver Bjorkstrand.
13:46 of 3rd period - Stopped by Filip Gustavsson with a rebound.
13:48 of 3rd period - Slapshot by Lars Eller.
13:48 of 3rd period - Stopped by Filip Gustavsson with a rebound.
13:50 of 3rd period - Snap shot by Lars Eller.
13:50 of 3rd period - Goal by Lars Eller - Red Wings : 2 - Blue Jackets : 4.
13:51 of 3rd period - Mark Scheifele wins face-off versus Brett Howden in neutral zone.
13:58 of 3rd period - Backhand shot by John Tavares.
13:58 of 3rd period - Goal by John Tavares - Red Wings : 3 - Blue Jackets : 4.
13:59 of 3rd period - Mark Scheifele wins face-off versus Adam Gaudette in neutral zone.
14:25 of 3rd period - Radko Gudas is hit by Josh Manson and loses puck.
15:24 of 3rd period - Brett Pesce is hit by Connor Clifton and loses puck.
15:35 of 3rd period - Snap shot by Matt Duchene.
15:35 of 3rd period - Shot Misses the Net.
15:37 of 3rd period - Wrist shot by Nikita Kucherov.
15:37 of 3rd period - Shot Misses the Net.
16:07 of 3rd period - Minor Penalty to Cal Foote for Hooking.
16:08 of 3rd period - John Tavares wins face-off versus Brett Howden in Blue Jackets zone.
16:21 of 3rd period - Snap shot by John Tavares.
16:21 of 3rd period - Shot Misses the Net.
16:23 of 3rd period - Slapshot by Dylan DeMelo.
16:23 of 3rd period - Shot Blocked by Luke Hughes.
17:13 of 3rd period - John Tavares is hit by Luke Hughes and loses puck.
17:19 of 3rd period - Icing by Mark Scheifele.
17:20 of 3rd period - John Tavares wins face-off versus Brett Howden in Red Wings zone.
18:07 of 3rd period - Penalty to Cal Foote is over, Cal Foote is back on ice.
19:11 of 3rd period - Snap shot by Troy Terry.
19:11 of 3rd period - Shot Misses the Net.
19:13 of 3rd period - Snap shot by Matt Duchene.
19:13 of 3rd period - Stopped by Marc-Andre Fleury without a rebound.
19:14 of 3rd period - Jeff Blashill call a timeout for Red Wings.
19:14 of 3rd period - Matt Duchene wins face-off versus John Tavares in Red Wings zone.
19:15 of 3rd period - Snap shot by Troy Terry.
19:15 of 3rd period - Stopped by Marc-Andre Fleury without a rebound.
19:16 of 3rd period - Matt Duchene wins face-off versus John Tavares in Red Wings zone.
19:26 of 3rd period - Minor Penalty to Viktor Arvidsson for Hooking.
19:27 of 3rd period - Tyler Seguin wins face-off versus Noel Acciari in Red Wings zone.
19:37 of 3rd period - Slapshot by Tyler Seguin.
19:37 of 3rd period - Shot Misses the Net.
19:39 of 3rd period - Snap shot by Nikita Kucherov.
19:39 of 3rd period - Stopped by Marc-Andre Fleury without a rebound.
19:40 of 3rd period - Lars Eller wins face-off versus Tyler Seguin in Red Wings zone.
Goals for this period are 3 for Red Wings vs 0 for Blue Jackets.
Shots for this period are 11 for Red Wings vs 9 for Blue Jackets.




Output by the SimonT Hockey Simulator (STHS) for Eric Tremblay - Original Page W3C HTML5 Valid
Hockey Simulator - Hockey Simulation - Hockey Manager